 Dungeon Crawl Stone Soup version 0.28.0-53-g5a82cb258f (webtiles) character file.

Game seed: 975466928309101433

1721 unlimited1921 the Chopper (level 9, -2/73 HPs)
             Began as a Gnoll Cinder Acolyte on June 12, 2022.
             Was a High Priest of Ignis.
             Slain by a black bear (5 damage)
             ... on level 5 of the Dungeon.
             The game lasted 00:23:41 (6223 turns).

unlimited1921 the Chopper (Gnoll Cinder Acolyte)    Turns: 6223, Time: 00:23:41

Health: -2/73      AC: 14    Str: 17    XL:     9   Next: 4%
Magic:  5/5        EV:  8    Int: 15    God:    Ignis [*****.]
Gold:   138        SH:  0    Dex: 10    Spells: 17/17 levels left

rFire   + . .      SeeInvis .   w - +1 morningstar of Irrepressible Laughter {antimagic, rCorr Dex+3}
rCold   . . .      Faith    .   (no shield)
rNeg    . . .      Spirit   .   y - +0 chain mail
rPois   +          Reflect  .   (no helmet)
rElec   .          Harm     .   (no cloak)
rCorr   +          Rampage  .   (no gloves)
Will    .....                   t - +0 pair of boots
Stlth   ..........              (no amulet)
HPRegen 0.22/turn               j - +4 ring of protection
MPRegen 0.09/turn               (no ring)

@: no status effects
A: fangs 1, strong nose, distributed training, mutation resistance 1, poison
resistance
a: Renounce Religion, Fiery Armour, Foxfire Swarm, Rising Flame


You were on level 5 of the Dungeon.
You worshipped Ignis.
Ignis was extremely pleased with you.
You visited 1 branch of the dungeon, and saw 5 of its levels.

You collected 138 gold pieces.

Inventory:

Hand Weapons
 a - a -1 hand axe of flaming
 c - a +0 scythe
 d - a +0 long sword
 f - a +0 hunting sling
 l - a +0 short sword
 p - a +3 short sword
 w - the +1 morningstar of Irrepressible Laughter (weapon) {antimagic, rCorr Dex+3}
   (You found it on level 3 of the Dungeon)

   It reduces the magical energy of the wielder, and disrupts the spells and
   magical abilities of those it strikes.
   Natural abilities and divine invocations are not affected.
   Dex:       It affects your dexterity (+3).
   rCorr:     It protects you from acid and corrosion.
 z - a +1 whip of flaming
Missiles
 g - 197 stones (quivered)
 k - 89 arrows
 n - 40 sling bullets
 o - 84 bolts
 E - 3 boomerangs
Armour
 e - a +0 ring mail
 t - a +0 pair of boots (worn)
 y - a +0 chain mail (worn)
 D - a +2 robe of cold resistance
Jewellery
 j - a +4 ring of protection (left hand)
 C - a ring of poison resistance
Wands
 v - a wand of polymorph (8)
Scrolls
 i - 2 scrolls of teleportation
 m - a scroll of magic mapping {unknown}
 q - a scroll of summoning {unknown}
 r - a scroll of fear {unknown}
 u - a scroll of blinking {unknown}
 B - a scroll of holy word {unknown}
Potions
 h - a potion of heal wounds {unknown}
 s - a potion of curing {unknown}
 A - 2 potions of lignification {unknown}
 F - a potion of might
 G - a potion of cancellation {unknown}
 H - a potion of flight {unknown}


   Skills:
 + Level 7.6 Fighting
 + Level 3.8 Short Blades
 + Level 3.8 Long Blades
 + Level 7.6 Axes
 + Level 3.8 Maces & Flails
 + Level 3.8 Polearms
 + Level 3.8 Staves
 + Level 3.8 Slings
 + Level 3.8 Bows
 + Level 3.8 Crossbows
 + Level 3.8 Throwing
 + Level 3.8 Armour
 + Level 3.8 Dodging
 + Level 3.8 Stealth
 + Level 3.8 Shields
 + Level 3.8 Unarmed Combat
 + Level 4.8 Spellcasting
 + Level 3.1 Conjurations
 + Level 3.1 Hexes
 + Level 3.1 Summonings
 + Level 3.1 Necromancy
 + Level 3.1 Translocations
 + Level 3.1 Transmutations
 + Level 6.3 Fire Magic
 + Level 3.1 Ice Magic
 + Level 3.1 Air Magic
 + Level 3.1 Earth Magic
 + Level 3.1 Poison Magic
 + Level 4.2 Invocations
 + Level 3.8 Evocations


You had 17 spell levels left.
You didn't know any spells.
Your spell library contained the following spells:

 Spells                   Type           Power      Damage    Failure   Level
 Scorch                   Fire           44%        2d7       26%         2


Dungeon Overview and Level Annotations

Branches:
Dungeon (5/15)             Temple (0/1) D:4

Altars:
Nemelex Xobeh
Yredelemnul

Shops:
D:5 (

Annotations:
D:5 1 runed translucent door, Zeld's ghost, amateur DECj


Innate Abilities, Weirdness & Mutations

You have very sharp teeth.
Your uncanny sense of smell can sniff out nearby items.
Your experience applies equally to all skills.
You are somewhat resistant to further mutation.
Your system is resistant to poisons. (rPois)


Message History

The black bear bites you.
The black bear claws you but does no damage. x2
Throw: 2 darts (poison)
Press: ? - help, Q - select action, (/) - cycle Shift-Dir - straight line, f/p - black bear
Aim: a black bear (severely wounded, very poisoned, 68% to hit)
You throw a poisoned dart.
The poisoned dart barely misses the black bear.
The black bear barely misses you.
The black bear claws you but does no damage.
The black bear claws you.
* * * LOW HITPOINT WARNING * * *
The black bear goes berserk!
Throw: dart (poison)
Press: ? - help, Q - select action, (/) - cycle Shift-Dir - straight line, f/p - black bear
Aim: a black bear (severely wounded, berserk, very poisoned, 68% to hit)
You throw a poisoned dart. The poisoned dart hits the black bear.
The black bear is severely wounded.
The black bear bites you!
* * * LOW HITPOINT WARNING * * *
The black bear barely misses you. The black bear claws you.
* * * LOW HITPOINT WARNING * * *
The black bear rages.
The black bear closely misses you. x2
The black bear claws you but does no damage.
The black bear looks more healthy.
The black bear barely misses you.
The black bear claws you but does no damage.
The black bear barely misses you.
The black bear bites you but does no damage.
The black bear claws you but does no damage.
The black bear barely misses you.
The black bear bites you but does no damage.
The black bear claws you but does no damage. x2
The black bear bites you but does no damage.
The black bear claws you but does no damage.
The black bear claws you.
* * * LOW HITPOINT WARNING * * *
The black bear bites you!
* * * LOW HITPOINT WARNING * * *
The black bear claws you.
You die...

#...#......# #....#
#...#......#####....#
....'...............#
#...#......#####....#
#...#......# #....# #...#......#
#....# #...#......# #....#
#...#......#####....##########
((.............h@......>......
#####......#######..##........
#......########.##........
#................#........
###########..........#........
.....................##.######
......................#.#
....................#.#.#####
....................#.#.##..####


You could see a black bear (berserk).

Vanquished Creatures
  Pikel (D:4)
  Grinder (D:3)
  Sigmund (D:3)
  A water moccasin (D:5)
  A black bear (D:5)
  An ice beast (D:5)
  An ogre (D:4)
  A phantom (D:5)
  2 scorpions (D:5)
  A water moccasin skeleton (D:5)
  2 orc priests
  An orc wizard (D:4)
  Natasha (thrice) (D:3)
  3 adders (D:2)
  A shadow imp (D:5)
  An adder skeleton (D:4)
  2 worms (D:2)
  A dart slug (D:1)
  13 orcs
  7 endoplasms
  A giant cockroach (D:4)
  10 goblins
  9 hobgoblins
  7 jackals (D:1)
  3 quokkas
  6 ball pythons
  5 bats
  4 frilled lizards
  9 kobolds
  4 rats (D:1)
103 creatures vanquished.

Vanquished Creatures (others)
  An orc wizard (D:5)
  A fungus (D:1)
  6 plants (D:1)
8 creatures vanquished.

Grand Total: 111 creatures vanquished

Notes
Turn   | Place    | Note
-------+----------+-------------------------------------------
     0 | D:1      | unlimited1921 the Gnoll Cinder Acolyte began the quest for
                  | the Orb.
     0 | D:1      | Reached XP level 1. HP: 23/23 MP: 4/4
   121 | D:1      | Reached XP level 2. HP: 29/29 MP: 5/5
   336 | D:1      | Reached XP level 3. HP: 35/35 MP: 7/7
   570 | D:1      | Found a faded altar of an unknown god.
   682 | D:1      | Reached skill level 1 in Invocations
  1208 | D:2      | Reached skill level 1 in Short Blades
  1208 | D:2      | Reached skill level 1 in Long Blades
  1208 | D:2      | Reached skill level 1 in Maces & Flails
  1208 | D:2      | Reached skill level 1 in Polearms
  1208 | D:2      | Reached skill level 1 in Staves
  1208 | D:2      | Reached skill level 1 in Slings
  1208 | D:2      | Reached skill level 1 in Bows
  1208 | D:2      | Reached skill level 1 in Crossbows
  1208 | D:2      | Reached skill level 1 in Throwing
  1208 | D:2      | Reached skill level 1 in Armour
  1208 | D:2      | Reached skill level 1 in Dodging
  1208 | D:2      | Reached skill level 1 in Stealth
  1208 | D:2      | Reached skill level 1 in Shields
  1208 | D:2      | Reached skill level 1 in Unarmed Combat
  1208 | D:2      | Reached skill level 1 in Evocations
  1218 | D:2      | Reached XP level 4. HP: 37/41 MP: 8/8
  1724 | D:2      | Reached skill level 1 in Conjurations
  1724 | D:2      | Reached skill level 1 in Hexes
  1724 | D:2      | Reached skill level 1 in Summonings
  1724 | D:2      | Reached skill level 1 in Necromancy
  1724 | D:2      | Reached skill level 1 in Translocations
  1724 | D:2      | Reached skill level 1 in Transmutations
  1724 | D:2      | Reached skill level 1 in Ice Magic
  1724 | D:2      | Reached skill level 1 in Air Magic
  1724 | D:2      | Reached skill level 1 in Earth Magic
  1724 | D:2      | Reached skill level 1 in Poison Magic
  2451 | D:3      | Reached XP level 5. HP: 43/47 MP: 9/9
  2531 | D:3      | Noticed Sigmund
  2580 | D:3      | Gained mutation: You are dopey. (Int -2) [potion of
                  | mutation]
  2580 | D:3      | Gained mutation: You tend to lose your temper in combat.
                  | [potion of mutation]
  2580 | D:3      | Gained mutation: You are somewhat resistant to further
                  | mutation. [potion of mutation]
  2582 | D:3      | Killed Sigmund
  2583 | D:3      | Reached XP level 6. HP: 7/53 MP: 9/11
  2862 | D:3      | Found a basalt altar of Yredelemnul.
  3005 | D:3      | Noticed Grinder
  3029 | D:3      | Killed Grinder
  3030 | D:3      | Reached XP level 7. HP: 59/59 MP: 12/12
  3092 | D:3      | Found a sparkling altar of Nemelex Xobeh.
  3267 | D:3      | Noticed Natasha
  3271 | D:3      | Killed Natasha
  3444 | D:3      | Noticed Natasha
  3449 | D:3      | Killed Natasha
  3586 | D:3      | Noticed Natasha
  3604 | D:3      | Killed Natasha
  3651 | D:3      | Lost mutation: You are dopey. (Int -2) [potion of mutation]
  3651 | D:3      | Lost mutation: You tend to lose your temper in combat.
                  | [potion of mutation]
  3651 | D:3      | Gained mutation: Your system is resistant to poisons.
                  | (rPois) [potion of mutation]
  3671 | D:3      | Identified the +1 morningstar of Irrepressible Laughter
                  | {antimagic, rCorr Dex+3}
  4361 | D:4      | Noticed Pikel
  4378 | D:4      | Killed Pikel
  4379 | D:4      | Reached XP level 8. HP: 16/67 MP: 4/14
  4737 | D:4      | Found a staircase to the Ecumenical Temple.
  5156 | D:5      | Entered Level 5 of the Dungeon
  5156 | D:5      | Found Loanoame's Antique Weapon Emporium.
  5205 | D:5      | Found a runed translucent door.
  5369 | D:5      | Noticed Zeld's ghost (amateur DECj)
  5750 | D:5      | Reached XP level 9. HP: 30/73 MP: 5/16
  6223 | D:5      | HP: 3/73 [black bear (7)]
  6223 | D:5      | Slain by a black bear

Illustrated notes

Levels and vault maps discovered:
D:1:      dpeg_arrival_subterranean_lakeside_camping, layout_loops_ring,
          shapermc_ecumenical_altar_ellora
D:2:      layout_basic, minmay_misc_feat_nine_boxes, minmay_cut_off
D:3:      layout_basic, nemelex_altar_shiori, lemuel_round_altar, uniq_grinder,
          uniq_sigmund, uniq_natasha
D:4:      layout_basic, minmay_temple_entry_sparse_star, uniq_pikel
D:5:      layout_basic, mainiacjoe_overflow_surrounded_room, serial_shops,
          nicolae_square_shop, ebering_ghost_sewer_d

Skill      XL: |  1  2  3  4  5  6  7  8 |
---------------+-------------------------+-----
Invocations    | 1 2 3 4 |  4.2
Short Blades   | 1 2 3 |  3.8
Long Blades    | 1 2 3 |  3.8
Maces & Flails | 1 2 3 |  3.8
Polearms       | 1 2 3 |  3.8
Staves         | 1 2 3 |  3.8
Slings         | 1 2 3 |  3.8
Bows           | 1 2 3 |  3.8
Crossbows      | 1 2 3 |  3.8
Throwing       | 1 2 3 |  3.8
Armour         | 1 2 3 |  3.8
Dodging        | 1 2 3 |  3.8
Stealth        | 1 2 3 |  3.8
Shields        | 1 2 3 |  3.8
Unarmed Combat | 1 2 3 |  3.8
Evocations     | 1 2 3 |  3.8
Spellcasting   | 3 4 |  4.8
Conjurations   | 1 2 3 |  3.1
Hexes          | 1 2 3 |  3.1
Summonings     | 1 2 3 |  3.1
Necromancy     | 1 2 3 |  3.1
Translocations | 1 2 3 |  3.1
Transmutations | 1 2 3 |  3.1
Ice Magic      | 1 2 3 |  3.1
Air Magic      | 1 2 3 |  3.1
Earth Magic    | 1 2 3 |  3.1
Poison Magic   | 1 2 3 |  3.1
Fighting       | 7 |  7.6
Axes           | 7 |  7.6
Fire Magic     | 6 |  6.3

Action                   |  1- 3 |  4- 6 |  7- 9 || total
-------------------------+-------+-------+-------++-------
Melee: Hand axe          |   120 |    73 |       ||   193
       Bite              |    11 |     5 |    20 ||    36
       Punch             |     2 |     1 |     3 ||     6
       Long sword        |       |     6 |     9 ||    15
       Morningstar       |       |       |   161 ||   161
       Unarmed           |       |       |     6 ||     6
 Fire: Hunting sling     |       |     5 |       ||     5
Throw: Dart              |       |    11 |    19 ||    30
       Stone             |       |       |     2 ||     2
Invok: Fiery Armour      |     1 |       |       ||     1
  Use: Potion            |       |     2 |     1 ||     3
       Scroll            |       |     1 |     1 ||     2
Armor: Robe              |    14 |       |       ||    14
       Ring mail         |    25 |    28 |    26 ||    79
       Skin              |       |       |     4 ||     4
       Chain mail        |       |       |   147 ||   147
Dodge: Dodged            |    47 |    29 |   119 ||   195
